Joanna, lawful female human Samurai ------ ---.--.-- --- --- ------- ---...[...| |..--- --.-- |..|..| --........-- --....| ----|...| ---- --....| ----. --- |.........| |......---...|-..---..| |....--------.|.- |..-- |.^I..--..| |..|........--|......-- ---.....--....^.-- |...-- -I.. --.---.---.....-----......-------..............--------- |......| ... ...........................................<....--.--.----......---- .^....---....--......|..-----.---..........%........)..............-- -....-- ..........------- |...--........---........------..........| ...-- --........-- --.-|.........---........| --........-- |.. -.........>| --.---*......%.......)...- |........| ........---- |...--.|..--.%..*..........| --..---.-- .........| ------ --.....---.|--..............-- --..| --- .........| |....| |.....-| |.| |...[...........| |...-- -........---....-- |-.....| |.|--...........|..-- |....| ....---.........-- --.....----.||..)........----- --...-- --.---..........| |.....-||...|--..--....)-| |....| -.............| --.|...||...| ---- ---...| -.|.| --.|.|.|.--..-- ----.------- --`-- ----- ------------- --- Joanna the Ronin Experience level: 5 Strength: 13 Dexterity: 18 Constitution: 18 Intelligence: 8 Wisdom: 9 Charisma: 8 Health: 0(57) Energy: 18(18) Def: 6 Gold: 128 Moves: 1472 Dungeon seed: 8pNfvAG0_eVMO0tP Game ID: Joanna_1591759960 Your Inventory: Coins $ - 128 gold pieces Weapons a - a +0 katana (weapon in hand) b - a +0 wakizashi (alternate weapon; not wielded) c - a +0 yumi d - 30 +0 ya (in quiver) h - 9 +0 daggers o - 14 +0 arrows Armor e - a cursed -1 pair of gauntlets of fumbling q - a cursed -1 pair of gauntlets of dexterity r - an uncursed +3 dwarvish cloak s - a cursed +0 dwarvish mithril-coat (being worn) y - an uncursed +0 dwarvish iron helm named uc z - an uncursed +0 dwarvish roundshield named uc N - an uncursed +0 pair of iron shoes named uc Scrolls f - an uncursed scroll of blank paper j - an uncursed scroll of enchant weapon Spellbooks p - an uncursed spellbook of cure blindness Potions i - a cursed potion of monster detection Wands g - a wand of striking (0:3) Tools k - 2 cursed wax candles (0:400) l - 4 uncursed tallow candles (0:200) n - an uncursed bag of holding Gems Y - an uncursed worthless piece of black glass Spells and supernatural/magical abilities: Name Level Category Fail Memory W - pray for help -- divine ? -- Your skills at the end: Fighting Skills martial arts [Basic] Weapon Skills short sword [Basic] long sword [Basic] bow [Basic] Spellcasting Skills Final Attributes: You were piously aligned. You were telepathic. You were fast. You are dead. Vanquished creatures: 2 gnome lords a gnomish wizard a little dog a floating eye 3 dwarves a hill orc a giant bat an orc zombie an iguana 5 manes a giant rat 2 cave spiders 11 gnomes 2 garter snakes a jackal 2 kobolds 2 grid bugs a lichen a kobold zombie 4 newts 44 creatures vanquished. Voluntary challenges: You were an atheist. You used a wielded weapon 60 times, starting on turn 11. You were illiterate. You never genocided any monsters. You never polymorphed an object. You never changed form. You used no wishes. You never split a pudding. You never wrote Elbereth's name. You violated your moral code, losing 28 points of alignment, starting on turn 440. Dungeon overview: The Dungeons of Doom: levels 1 to 3 Level 1 a fountain a long staircase Level 2 a weapon shop, a fountain stairs to The Gnomish Mines Level 3 The Gnomish Mines: levels 3 to 4 Level 3 stairs to The Dungeons of Doom Level 4 <- You were here History has recorded: On T:1 you entered the Dungeons of Doom to retrieve the Amulet of Yendor! On T:100 you reached level 2 of The Dungeons of Doom. On T:342 you reached level 3 of The Dungeons of Doom. On T:404 you reached level 1 of The Gnomish Mines. On T:428 you advanced to experience level 2. On T:511 you advanced to experience level 3. On T:693 you reached level 2 of The Gnomish Mines. On T:700 you advanced to experience level 4. On T:822 you advanced to experience level 5. Score breakdown: Gold: 128 ( 7179 points) Experience: 5 levels (11141 points) Exploration: 4 levels ( 7.69%) ( 7276 points) Discoveries: 2 items ( 0.81%) ( 2705 points) Valuables value: (no points given unless you survive) Artifact value: 0 ( 0 points) Variety of kills: 20 monsters ( 5.25%) ( 6873 points) Turncount: 1472 turns ( 0 points) Survival: died (score multiplied by 80%) Total score: 28139 Latest messages: It just misses! It bites! (6x) It misses. (2x) It bites! (2x) It just misses! It misses. It bites! (3x) You come to. The grid bug bites! You faint from lack of food. It bites! (6x) It misses. It bites! (9x) It misses. It bites! (12x) It misses. It bites! (2x) It misses. (4x) It bites! You come to. The grid bug bites! You faint from lack of food. It bites! (29x) It misses. It bites! (3x) You die... Final status: Sayonara Joanna the Samurai, killed by a homunculus, while fainted from lack of food... You died in The Gnomish Mines on dungeon level 4 with 28139 points, and 128 pieces of gold, after 1472 moves. You were level 5 with a maximum of 57 hit points when you died.